groovejumper, neutral female human Wizard ---- --- --- --..-- |..| |.-------------....| -------- --..-- |..................-------------------...--.... |..--..-- --....-- |........------..)............................. --......| |......| ------.).-- ----.).-------------------..--.-. |......| --.....| ---|....| --- --._.-- ---- ---.| |.....| --.--....| --.---...).---..- ----........ |.| --.....-- |.......-- |......)|....<%.. -.).......>. |.|--- --.......--- |.......| --......--....... .%.......... |.|..-- ---..........| --...---- ---............. -[......... -.|...| |............-- |..-- --............- -----............--.....-| |.............| ---- |....^... --...................--|-...........-- |........ ---- |............|.--....--............-- --....... |..--|-.. --..........^.......| |........ --..--a.. -........ -.......-- ---.....- |...@... ........- --......| ------- ---.--- ---....| --- --.--- --- groovejumper the Thaumaturge Experience level: 7 Strength: 4 Dexterity: 12 Constitution: 17 Intelligence: 18 Wisdom: 12 Charisma: 10 Health: 0(51) Energy: 23(80) AC: 6 Gold: 744 Moves: 3052 Your Inventory: Coins $ - 744 gold pieces Weapons a - a blessed +1 quarterstaff (weapon in hands) r - 10 [blessed +2] darts of stealth Armor b - an uncursed +0 cloak of magic resistance (being worn) t - a [blessed] +0 studded leather armor (being worn) Comestibles C - an [uncursed] tripe ration Scrolls i - an uncursed scroll of identify j - an uncursed scroll of confuse monster k - an uncursed scroll of stinking cloud z - 2 [uncursed] unlabeled scrolls [of blank paper] B - a [blessed] scroll of confuse monster G - a [blessed] scroll labeled TEMOV [of teleportation] Spellbooks l - a blessed spellbook of force bolt m - an uncursed spellbook of sleep Potions f - an uncursed potion of see invisible g - an uncursed potion of healing h - a blessed potion of speed v - 3 [uncursed] smoky potions [of sickness] Rings d - an uncursed ring of polymorph e - an uncursed ring of see invisible A - a [cursed -1] shiny ring [of adornment] Wands c - an uncursed wand of cancellation (0:7) Tools n - an uncursed magic marker (0:50) D - 3 [uncursed wax] candles F - an [uncursed] can of grease [0:11] H - an [uncursed tallow] candle Spells known in the end: Name Level Category Fail Memory a - force bolt 1 attack 0% [|||||||.] b - sleep 1 enchantment 0% [|||||||.] Your skills at the end: Fighting Skills Weapon Skills quarterstaff [Basic / Expert] Spellcasting Skills attack spells [Basic / Expert] enchantment spells [Basic / Skilled] Final Attributes: You were piously aligned. Hunger level was 472. Your alignment was 25 / 25. Monster difficulty range was 0 - 6. Level difficulty was 5. You were magic-protected. You could teleport. You were unlucky (-2). You are dead. Vanquished creatures: a leprechaun a wood nymph 10 Uruk-hai an enormous rat 2 fog clouds 2 gnome lords an elf zombie a paper golem a giant ant a floating eye 2 dwarves 3 homunculi a centipede a giant bat a monkey a wererat an iguana a coyote a hobbit 3 hobgoblins a cave spider 3 yellow molds a green mold a red mold 14 gnomes 4 geckos 3 goblins 5 grid bugs 4 lichens a newt 73 creatures vanquished. Voluntary challenges: You used a wielded weapon 47 times. You read items or engraved 10 times. You put on armor 3 times. You never genocided any monsters. You never polymorphed an object. You never changed form. You used no wishes. You wrote Elbereth's name 6 times. You encountered 1 bones level. You never used any Sokoban shortcuts. Dungeon overview: The Dungeons of Doom: levels 1 to 4 Level 1 some fountains a long staircase Level 2 a weapon shop Level 3 some fountains Level 4 a fountain, a sink stairs to The Gnomish Mines The Gnomish Mines: levels 5 to 6 Level 5 <- You were here stairs to The Dungeons of Doom History has recorded: On T:1 you entered the Dungeons of Doom to retrieve the Amulet of Yendor! On T:343 you reached level 2 of The Dungeons of Doom. On T:415 you advanced to experience level 2. On T:747 you advanced to experience level 3. On T:822 you reached level 3 of The Dungeons of Doom. On T:1006 you advanced to experience level 4. On T:1214 you reached level 4 of The Dungeons of Doom. On T:1421 you advanced to experience level 5. On T:2182 you advanced to experience level 6. On T:2418 you reached level 1 of The Gnomish Mines. On T:2602 you advanced to experience level 7. On T:2724 you reached level 2 of The Gnomish Mines. Latest messages: There are several objects here. [HP+1=39] You see here a rotten gnome corpse. You fall into a pit! There is a pit here. You see here an iron skull cap. [HP-5=34] You are still in a pit. You crawl to the edge of the pit. [HP+1=35] [HP+1=36] [HP+1=37] [HP+1=38] [HP+1=39] The soldier ant bites! The soldier ant stings! [HP-11=28] The spell misses the soldier ant. The soldier ant bites! The soldier ant stings! The soldier ant bites! The soldier ant stings! You die... Final status: Goodbye groovejumper the Wizard... You died in The Gnomish Mines on dungeon level 5 with 3410 points, and 744 pieces of gold, after 3052 moves. You were level 7 with a maximum of 51 hit points when you died.